 Dungeon Crawl Stone Soup version 0.32-a0-938-g40ac7a0 (webtiles) character file.

Game seed: 12769644304415881061

32 astralapex04 the Magician (level 3, -2/32 HPs)
             Began as an Oni Hedge Wizard on Apr 17, 2024.
             Was an Initiate of Hepliaklqana.
             Slain by a +1 broad axe of freezing (4 damage)
             ... created by the rancor of the Wu Jian Council
             ... on level 1 of the Dungeon.
             The game lasted 00:10:51 (826 turns).

astralapex04 the Magician (Oni Hedge Wizard)         Turns: 826, Time: 00:10:53

Health: -2/32      AC:  3    Str: 14    XL:     3   Next: 25%
Magic:  5/8        EV: 13    Int: 17    God:    Hepliaklqana [......]
Gold:   39         SH:  0    Dex:  8    Spells: 9/10 levels left

rFire   . . .        j - +0 spear
rCold   . . .        (no shield)
rNeg    . . .        b - +0 robe
rPois   .            c - +0 hat
rElec   .            (no cloak)
rCorr   .            (gloves unavailable)
SInv    .            (boots unavailable)
Will    .....        (no amulet) Stlth
                     m - +5 ring of evasion
HPRegen 0.25/turn    (no ring)
MPRegen 0.11/turn

%: no passive effects
@: silenced
A: large, unfitting armour, horns 1, tough skin 1, double potion healing,
drunken brawling
a: Renounce Religion


You were on level 1 of the Dungeon.
You worshipped Hepliaklqana.
Hepliaklqana was noncommittal.
You visited 1 branch of the dungeon, and saw 3 of its levels.

You collected 39 gold pieces.

Inventory:

Hand Weapons
 a - a +0 dagger
 f - a +0 club
 j - a +0 spear (weapon)
 q - a +0 dagger
Missiles
 n - 4 atropa-tipped darts
Armour
 b - a +0 robe (worn)
 c - a +0 hat (worn)
 h - a +0 leather armour
 i - a +0 chain mail
 k - a +0 chain mail
 o - a +0 scale mail
Jewellery
 m - a +5 ring of evasion (left hand)
Scrolls
 g - 2 scrolls of identify {unknown}
 l - a scroll of enchant armour {unknown}
 p - a scroll of poison {unknown}
 r - a scroll of teleportation {unknown}
Potions
 d - a potion of magic
 e - a potion of resistance {unknown}


   Skills:
 + Level 0.3 Fighting
 + Level 0.4 Maces & Flails
 + Level 0.2 Polearms
 + Level 2.0 Dodging
 + Level 1.6 Stealth
 + Level 4.3 Spellcasting
 + Level 1.0 Conjurations
 + Level 0.8 Summonings
 + Level 0.8 Translocations


You had 9 spell levels left.
You knew the following spells:

 Your Spells              Type           Power      Damage    Failure   Level
a - Magic Dart            Conj           28%        1d4       10%         1

Your spell library contained the following spells:

 Spells                   Type           Power      Damage    Failure   Level
 Slow                     Hex            12%        N/A       16%         1
 Blink                    Tloc           12%        N/A       16%         2
 Call Imp                 Summ           12%        N/A       16%         2
 Cigotuvi's Dreadful Rot  Necr/Alch/Air  6%         N/A       22%         2
 Mephitic Cloud           Conj/Alch/Air  4%         N/A       36%         3


Dungeon Overview and Level Annotations

Branches:
Dungeon (3/15)

Altars:
Hepliaklqana
Wu Jian


Innate Abilities, Weirdness & Mutations

You are too large for most types of armour.
You have a pair of small horns on your head.
You have tough skin. (AC +1)
You gain doubled healing and magic from potions.
Whenever you drink a healing potion, you attack all around you.


Message History

The bat closely misses you. The rat bites you.
You closely miss the bat. The bat misses you. The rat misses you.
The bat closely misses you.
Found a long sword.
The rat attacks as it pursues you! The rat bites you but does no damage.
The bat closely misses you.
You closely miss the bat. The bat hits you but does no damage.
The bat hits you. The rat misses you.
You hit the rat.
You kill the rat!
The bat misses you. The bat misses you.
You see here a rat corpse.
The bat closely misses you.
You hit the bat but do no damage. Your headbutt misses the bat.
The bat hits you but does no damage. The bat closely misses you.
The bat hits you.
You hit the bat.
The bat is severely wounded.
The bat misses you. The bat barely misses you.
You see here a rat corpse.
The bat closely misses you.
Aiming: Magic Dart (safe; 10% risk of failure)
Press: ? - help, Q - select action, (/) - cycle Shift-Dir - straight line The magic dart hits the bat.
You kill the bat!
You see here a +0 chain mail.
HP restored.
Sifu Hu Sanniang whispers: These will loosen your tongue! 5 dancing weapons come into view.
There is a +0 heavy great sword.
There is a +3 glaive of electrocution.
There is a +3 quarterstaff of electrocution.
There is a +4 dire flail of flaming.
There is a +1 broad axe of freezing.
You hit the +4 dire flail of flaming.
Your headbutt misses the +4 dire flail of flaming.
The +4 dire flail of flaming is moderately damaged.
The +4 dire flail of flaming hits you! The +4 dire flail of flaming burns you.
The +1 broad axe of freezing hits you!
* * * LOW HITPOINT WARNING * * *
The +1 broad axe of freezing freezes you.
You die...
Hepliaklqana delivers you to your ancestors.

# ############
########### #
.......(...###..........
#
..)....@(#.........#####
####
#..###.(.(#..##.###.#.# #
...###.
.........(#..##.##....# #
.......
..##....†.#.....##....###
######.
......................##.
.......
..##....#.####......####.
######. .
#....#......##.### #.
#....##.....#.......#.
#######.....###.#####.


You could see 5 dancing weapons.

Vanquished Creatures
  A dart slug (D:2)
  A ribbon worm (D:2)
  3 endoplasms
  A giant cockroach (D:2)
  2 goblins
  2 hobgoblins
  4 kobolds
  4 ball pythons
  2 bats
  A frilled lizard (D:1)
  4 rats
25 creatures vanquished.

Vanquished Creatures (collateral kills)
  2 ball pythons (D:3)
2 creatures vanquished.

Grand Total: 27 creatures vanquished

Notes
Turn   | Place    | Note
-------+----------+-------------------------------------------
     0 | D:1      | astralapex04 the Oni Hedge Wizard began the quest for the
                  | Orb.
     0 | D:1      | Reached XP level 1. HP: 16/16 MP: 5/5
   211 | D:1      | Reached XP level 2. HP: 21/24 MP: 2/6
   253 | D:2      | Reached skill level 4 in Spellcasting
   392 | D:2      | Found a faded altar of an unknown god.
   427 | D:2      | Prayed at the altar of an unknown god.
   427 | D:2      | Became a worshipper of Hepliaklqana the Forgotten
   427 | D:2      | Reached * piety under Hepliaklqana
   453 | D:2      | Found a hazy altar of Hepliaklqana.
   488 | D:3      | Found an ornate altar of the Wu Jian Council.
   498 | D:3      | Reached XP level 3. HP: 27/27 MP: 8/8
   501 | D:3      | Reached skill level 1 in Conjurations
   501 | D:3      | Fell from the grace of Hepliaklqana
   501 | D:3      | Became a worshipper of the Wu Jian Council
   549 | D:2      | Fell from the grace of Wu Jian
   549 | D:2      | Became a worshipper of Hepliaklqana the Forgotten
   734 | D:2      | Fell from the grace of Hepliaklqana
   740 | D:2      | Became a worshipper of Hepliaklqana the Forgotten
   825 | D:1      | Noticed a +0 heavy great sword
   825 | D:1      | Noticed a +3 glaive of electrocution
   825 | D:1      | Noticed a +3 quarterstaff of electrocution
   825 | D:1      | Noticed a +4 dire flail of flaming
   825 | D:1      | Noticed a +1 broad axe of freezing
   826 | D:1      | Slain by a +1 broad axe of freezing

Illustrated notes

Levels and vault maps discovered:
D:1:      elethiomel_arrival_maze, layout_basic, minmay_misc_feat_tower,
          st_stairs_13, minmay_misc_feat_pillars
D:2:      layout_rooms, basic_altar, chequers_ecumenical_altar_island
D:3:      layout_rooms, mainiacjoe_overflow_catch_the_wave,
          nemelex_altar_shiori, fountainhead

Skill      XL: |  1  2  3 |
---------------+----------+-----
Spellcasting   | 4 |  4.3
Dodging        | 2 |  2.0
Conjurations   | 1 |  1.0
Fighting       | |  0.3
Maces & Flails | |  0.4
Polearms       | |  0.2
Stealth        | |  1.6
Summonings     | |  0.8
Translocations | |  0.8

Action                     || total
---------------------------++-------
  Melee: Club              ||     6
         Dagger            ||     4
         Headbutt          ||     8
         Spear             ||    55
   Cast: Magic Dart        ||    21
 Invoke: Renounce Religion ||     1
   Stab: Sleeping          ||     2
 Armour: Robe              ||    88
  Dodge: Dodged            ||    91

Table legend: (Time is in decaauts)
 A = Elapsed time spent in this place.
 B = Non-inter-level travel time spent in this place.
 C = Inter-level travel time spent in this place.
 D = Time resting spent in this place.
 E = Time spent auto-exploring this place.
 F = Levels seen in this place.
 G = Mean time per level.
                   A        B        C        D        E       F      G
               +--------+--------+--------+--------+--------+-----+--------+
         Total |    832 |    309 |    523 |      0 |      0 |   3 |  277.3 |
       Dungeon |    832 |    309 |    523 |      0 |      0 |   3 |  277.3 |
               +--------+--------+--------+--------+--------+-----+--------+

Top non-repeatable levels by time:
     D:1: 405 daAuts
     D:2: 356 daAuts
     D:3: 70 daAuts
